 Dungeon Crawl Stone Soup version 0.26-a0-639-g72c4674329 (webtiles) character file.

Game seed: 8352301306178346342

26 DogServant the Digger (level 3, 0/19 HPs)
             Began as a Gargoyle Earth Elementalist on Sept 17, 2020.
             Slain by a worker ant (4 damage)
             ... on level 2 of the Dungeon.
             The game lasted 00:02:45 (1246 turns).

DogServant the Digger (Gargoyle Earth Elementalist) Turns: 1246, Time: 00:02:46

Health: 0/19       AC:  5    Str: 11    XL:     3   Next: 8%
Magic:  0/6        EV: 12    Int: 16    God:
Gold:   73         SH:  0    Dex: 10    Spells: 6/7 levels left

rFire    . . .     SeeInvis .   d - +0 short sword
rCold    . . .     Faith    .   (no shield)
rNeg     + . .     Spirit   .   c - +0 robe
rPois    ∞         Reflect  .   (no helmet)
rElec    +         Harm     .   (no cloak)
rCorr    .         Rampage  .   (no gloves)
MR       .....                  (no boots)
Stlth    ++........             (no amulet)
HPRegen  0.06/turn              (no ring)
MPRegen  0.10/turn              (no ring)

@: no status effects
A: negative energy resistance 1, electricity resistance, unbreathing,
petrification resistance, rot immunity, AC +3
a: no special abilities


You were on level 2 of the Dungeon.
You visited 1 branch of the dungeon, and saw 2 of its levels.

You collected 73 gold pieces.

Inventory:

Hand Weapons
 d - a +0 short sword (weapon)
Missiles
 b - 27 stones (quivered)
Armour
 c - a +0 robe (worn)
Jewellery
 e - an uncursed amulet of guardian spirit {unknown}
Scrolls
 h - a scroll of fear {unknown}
Potions
 a - a potion of might {unknown}
 f - a potion of curing {unknown}
 g - a potion of haste {unknown}
 i - a potion of brilliance {unknown}


   Skills:
 - Level 1.5 Dodging
 - Level 2.2 Stealth
 + Level 2.5 Spellcasting
   Level 0.7 Transmutations
 + Level 4.5 Earth Magic


You had 6 spell levels left.
You knew the following spells:

 Your Spells              Type           Power        Failure   Level
a - Sandblast             Erth           ###...       3%          1

Your spell library contained the following spells:

 Spells                   Type           Power        Failure   Level
 Passwall                 Tmut/Erth      ##......     10%         2
 Stone Arrow              Conj/Erth      #.....       24%         3
 Petrify                  Tmut/Erth      ##......     54%         4
 Lee's Rapid Deconstruct  Erth           ###.......   65%         5


Dungeon Overview and Level Annotations

Branches:
Dungeon (2/15)

Altars:


Innate Abilities, Weirdness & Mutations

You are resistant to torment.
Your stone body is resilient. (AC +3)
You are immune to poison.
You resist negative energy. (rN+)
You are resistant to electric shocks. (rElec)
You can survive without breathing.
You are immune to petrification.
You are immune to rotting.


Message History

The worker ant bites you. The giant cockroach bites you.
* * * LOW HITPOINT WARNING * * *
The rat closely misses you.
You hit the worker ant.
The worker ant is almost dead.
The worker ant closely misses you. The giant cockroach barely misses you.
The rat bites you.
* * * LOW HITPOINT WARNING * * *
The giant cockroach misses you.
The worker ant bites you but does no damage.
The worker ant waves its antennae.
Casting: Sandblast (safe; 3% risk of failure)
Confirm with . or Enter, or press ? or * to list all spells.
Aiming: Sandblast (safe; 3% risk of failure)
Press: ? - help, Shift-Dir - straight line, f/p - worker ant
Aim: a worker ant (almost dead)
The blast of sand misses the worker ant.
b - 27 stones The worker ant bites you.
You die...

#..........
#....).....
#..#......#
#..........
##...)#..#..
#s.......... #
######r####....##
#.#....a..# ##....
#.#.###@#.# .....
#.#+#...#.###.#
.#.
#.............####
#................
#..<.......#####.
#.......##.#
#.###..)...# #.
##..#### # #.##


You could see a worker ant, a giant cockroach and a rat.

Vanquished Creatures
  A leopard gecko (D:1)
  5 bats
  3 goblins
  6 hobgoblins
  4 kobolds (D:1)
  A ball python (D:1)
  A frilled lizard (D:1)
  3 rats (D:1)
24 creatures vanquished.

Notes
Turn   | Place    | Note
-------+----------+-------------------------------------------
     0 | D:1      | DogServant the Gargoyle Earth Elementalist began the quest
                  | for the Orb.
     0 | D:1      | Reached XP level 1. HP: 10/10 MP: 3/3
   200 | D:1      | Reached skill level 4 in Earth Magic
   248 | D:1      | Reached XP level 2. HP: 15/15 MP: 3/5
  1189 | D:2      | Reached XP level 3. HP: 19/19 MP: 3/6
  1246 | D:2      | Slain by a worker ant

Illustrated notes

Levels and vault maps discovered:
D:1:      minmay_arrival_nine_rooms, layout_basic
D:2:      layout_basic, minmay_misc_feat_plants, nicolae_ashenzari_panopticon

Skill      XL: |  1 |
---------------+----+-----
Earth Magic    | 4 |  4.5
Dodging        | |  1.5
Stealth        | |  2.2
Spellcasting   | |  2.5
Transmutations | |  0.7

Action                   || total
-------------------------++-------
Melee: Unarmed           ||    32
       Short sword       ||    19
 Cast: Sandblast         ||    23
 Stab: Sleeping          ||     1
Armor: Robe              ||    26
Dodge: Dodged            ||    50

Table legend: (Time is in decaauts)
 A = Elapsed time spent in this place.
 B = Non-inter-level travel time spent in this place.
 C = Inter-level travel time spent in this place.
 D = Time resting spent in this place.
 E = Time spent auto-exploring this place.
 F = Levels seen in this place.
 G = Mean time per level.
                   A        B        C        D        E       F      G
               +--------+--------+--------+--------+--------+-----+--------+
         Total |   1247 |   1226 |     21 |      0 |    995 |   2 |  623.5 |
       Dungeon |   1247 |   1226 |     21 |      0 |    995 |   2 |  623.5 |
               +--------+--------+--------+--------+--------+-----+--------+

Top non-repeatable levels by time:
     D:1: 1175 daAuts
     D:2: 72 daAuts
